 Dungeon Crawl Stone Soup version 0.30-a0-1016-gfb0d676c02 (webtiles) character file.

Game seed: 14668963388559150270

88 voltaire321 the Digger (level 4, -2/28 HPs)
             Began as an Octopode Earth Elementalist on Apr 6, 2023.
             Succumbed to a scorpion's poison
             ... on level 3 of the Dungeon on Apr 7, 2023.
             The game lasted 00:04:57 (1804 turns).

voltaire321 the Digger (OpEE)                       Turns: 1804, Time: 00:04:58

Health: -2/28      AC:  1    Str:  7    XL:     4   Next: 54%
Magic:  5/7        EV: 13    Int: 19    God:
Gold:   132        SH:  0    Dex: 12    Spells: 2/8 levels left

rFire   . . .      SeeInvis .    d - +0 morningstar
rCold   . . .      Faith    .    (no shield)
rNeg    . . .      Spirit   .    (helmet restricted)
rPois   .          Reflect  .    (no amulet)
rElec   .          Rampage  .    (no ring)
rCorr   .                        (no ring)
Will    .....                    (no ring)
Stlth   +++                      (no ring)
HPRegen 0.24/turn                (no ring)
MPRegen 0.10/turn                (no ring)
                                 (no ring)
                                 (no ring)

@: lethally poisoned (-2 -> -11)
A: almost no armour, amphibious, 8 rings, camouflage 1, gelatinous body 1,
(nimble swimmer 1), tentacles
a: no special abilities


You were on level 3 of the Dungeon.
You visited 1 branch of the dungeon, and saw 3 of its levels.

You collected 132 gold pieces.

Inventory:

Hand Weapons
 d - a +0 morningstar (weapon)
Jewellery
 f - an amulet of guardian spirit
Scrolls
 e - a scroll of magic mapping {unknown}
 g - 2 scrolls of fog {unknown}
 h - a scroll of fear {unknown}
 k - a scroll of teleportation {unknown}
Potions
 a - a potion of magic
 c - a potion of berserk rage
 i - 2 potions of curing {unknown}
 j - a potion of mutation
 l - a potion of might


   Skills:
 + Level 1.4 Fighting
 + Level 2.7 Dodging
 - Level 2.6 Stealth
 + Level 2.5 Spellcasting
 + Level 0.8 Conjurations
 + Level 1.8 Transmutations
 + Level 3.5 Earth Magic


You had 2 spell levels left.
You knew the following spells:

 Your Spells              Type           Power      Damage    Failure   Level
a - Sandblast             Erth           30%        2d9       3%          1
b - Passwall              Tmut/Erth      10%        N/A       9%          2
c - Stone Arrow           Conj/Erth      20%        3d8       21%         3

Your spell library contained the following spells:

 Spells                   Type           Power      Damage    Failure   Level
 Petrify                  Tmut/Erth      12%        N/A       47%         4


Dungeon Overview and Level Annotations

Branches:
Dungeon (3/15)

Altars:


Innate Abilities, Weirdness & Mutations

You cannot wear most types of armour.
You are amphibious.
You can wear up to eight rings at the same time.
Your skin changes colour to match your surroundings (Stealth+).
Your rubbery body absorbs attacks. (AC +1, EV +1)
((You are camouflaged when in or above water. (Stealth+)))
You have tentacles for arms and can constrict up to eight enemies at once.


Message History

The hobgoblin barely misses you.
You hit the hobgoblin. You grab the hobgoblin.
The hobgoblin is lightly wounded.
You constrict the hobgoblin, but do no damage.
The hobgoblin hits you.
You hit the hobgoblin but do no damage.
The hobgoblin is lightly wounded.
You constrict the hobgoblin. The hobgoblin hits you. x2
You hit the hobgoblin.
The hobgoblin is severely wounded.
You constrict the hobgoblin, but do no damage.
The hobgoblin hits you but does no damage.
You hit the hobgoblin.
You kill the hobgoblin!
The scorpion barely misses you.
A gnoll comes into view. It is wielding a +0 halberd.
You puncture the scorpion! You grab the scorpion.
You squeeze the scorpion, but do no damage.
The scorpion is heavily wounded.
You constrict the scorpion, but do no damage.
The scorpion stings you. The scorpion stings you!
You are lethally poisoned!
The scorpion poisons you!
Aiming: Sandblast (safe; 3% risk of failure)
Press: ? - help, Q - select action, (/) - cycle Shift-Dir - straight line, f - scorpion
Aim: a scorpion (heavily wounded, constricted by you, 100% to hit)
The blast of sand hits the scorpion but does no damage.
The scorpion is heavily wounded.
You constrict the scorpion.
* * * LOW HITPOINT WARNING * * *
You feel very sick. The scorpion stings you.
* * * LOW HITPOINT WARNING * * *
Aiming: Sandblast (safe; 3% risk of failure)
Press: ? - help, Q - select action, (/) - cycle Shift-Dir - straight line, f/p - scorpion
Aim: a scorpion (severely wounded, constricted by you, 100% to hit)
The blast of sand hits the scorpion but does no damage.
The scorpion is severely wounded.
You constrict the scorpion, but do no damage.
You die...

#.# #..# #.# #... #.# #..#
#.# #..# #######.# #..#
#.......# #..#
..#......o######..#
........ggogs@....#########
.......#########..........#
....o.. #..#######.#
#..#... #..# #...#.# ##
#... #..# #.#.#.# #... #..#
#.#.#.#### .... #..#
#.#......# #...$ #..#
#.###.##.# #..###.#...##.#


You could see a scorpion, 3 gnolls and 2 orcs.

Vanquished Creatures
  Robin (D:2)
  An adder (D:2)
  2 worms (D:2)
  An orc (D:3)
  5 bats
  6 endoplasms
  4 giant cockroaches
  10 goblins
  11 hobgoblins
  A quokka (D:1)
  4 ball pythons
  3 frilled lizards
  4 kobolds
  2 rats (D:2)
55 creatures vanquished.

Vanquished Creatures (others)
  2 plants (D:1)
2 creatures vanquished.

Grand Total: 57 creatures vanquished

Notes
Turn   | Place    | Note
-------+----------+-------------------------------------------
     0 | D:1      | voltaire321 the Octopode Earth Elementalist began the quest
                  | for the Orb.
     0 | D:1      | Reached XP level 1. HP: 11/11 MP: 3/3
   158 | D:1      | Reached XP level 2. HP: 6/18 MP: 0/5
   567 | D:1      | Learned a level 2 spell: Passwall
   723 | D:1      | Reached XP level 3. HP: 22/22 MP: 6/6
   863 | D:1      | Reached skill level 1 in Fighting
   972 | D:2      | Learned a level 3 spell: Stone Arrow
  1285 | D:2      | Reached XP level 4. HP: 17/28 MP: 5/7
  1348 | D:2      | Noticed Robin
  1389 | D:2      | Killed Robin
  1787 | D:3      | Noticed a scorpion
  1803 | D:3      | HP: 1/28 [scorpion (6)]
  1804 | D:3      | Succumbed to a scorpion's poison

Illustrated notes

Levels and vault maps discovered:
D:1:      tarquinn_simple_flora_water_f, layout_loops_cross,
          nicolae_hexahallways, minmay_indecisive_spiral
D:2:      layout_rooms, uniq_robin
D:3:      layout_basic, minivault_19

Skill      XL: |  1  2  3 |
---------------+----------+-----
Fighting       | 1 |  1.4
Dodging        | |  2.7
Stealth        | |  2.6
Spellcasting   | |  2.5
Conjurations   | |  0.8
Transmutations | |  1.8
Earth Magic    | |  3.5

Action                     |  1- 3 |  4- 6 || total
---------------------------+-------+-------++-------
  Melee: Unarmed           |    14 |       ||    14
         Constrict         |    13 |    12 ||    25
         Tentacles         |     8 |     7 ||    15
         Morningstar       |    33 |    29 ||    62
         Punch             |       |     1 ||     1
   Cast: Sandblast         |    25 |     9 ||    34
    Use: Scroll            |       |     3 ||     3
   Stab: Sleeping          |    12 |       ||    12
 Armour: Skin              |     3 |     6 ||     9
  Dodge: Dodged            |    27 |    21 ||    48

Table legend: (Time is in decaauts)
 A = Elapsed time spent in this place.
 B = Non-inter-level travel time spent in this place.
 C = Inter-level travel time spent in this place.
 D = Time resting spent in this place.
 E = Time spent auto-exploring this place.
 F = Levels seen in this place.
 G = Mean time per level.
                   A        B        C        D        E       F      G
               +--------+--------+--------+--------+--------+-----+--------+
         Total |   1850 |   1808 |     42 |    133 |   1222 |   3 |  616.7 |
       Dungeon |   1850 |   1808 |     42 |    133 |   1222 |   3 |  616.7 |
               +--------+--------+--------+--------+--------+-----+--------+

Top non-repeatable levels by time:
     D:1: 983 daAuts
     D:2: 677 daAuts
     D:3: 189 daAuts
